Monsters vs Rampage

Created - Friday, March 13, 2015 at 01:18

Goals
1 2 3 T
Monsters 0 0 0 0
Rampage 2 1 5 8
Shots
1 2 3 T
Monsters 10 11 6 27
Rampage 6 8 13 27

1st period

1. Rampage , Matt Puempel 16 (Adam Almquist, Johan Sundstrom) at 2:30 (PP)
2. Rampage , Matt Puempel 17 (Martin Frk) at 11:03

Penalties :
Farm Player35 (LAM) for Hooking (Minor) at 1:42, Tim Erixon (SAN) for Slashing (Minor) at 3:07

2nd period

3. Rampage , Calle Jarnkrok 14 (Danny Kristo) at 9:56

Penalties :
Farm Player13 (LAM) for Hooking (Minor) at 19:27

3rd period

4. Rampage , Calle Jarnkrok 15 (Ryan Potulny) at 1:34
5. Rampage , Matt Puempel 18 (Johan Sundstrom) at 4:58
6. Rampage , Matt Puempel 19 (Johan Sundstrom, Tim Erixon) at 5:42
7. Rampage , Johan Sundstrom 11 (Matt Puempel) at 8:23
8. Rampage , Calle Jarnkrok 16 (Danny Kristo) at 12:24

Penalties :
No Penalty

Goalie Stats

Farm Player80 (LAM), 12 saves from 16 shots - (0.750), L, 1-60-1, 41:34 minutes
Farm Player100 (LAM), 7 saves from 11 shots - (0.636), 18:26 minutes
Matt Hackett (SAN), 27 saves from 27 shots - (1.000), W, 21-19-6, 60:00 minutes

Players Stats for Monsters

Player Name              G  A  P  +/- PIM S  H  SB GA TA FO     MP     PP MP  PK MP  
------------------------------------------------------------------------------------
Andrej Nestrasil         0  0  0  -3  0   3  0  0  2  0  2/2    17:33   1:07   0:21 
Andrew Joudrey           0  0  0  -1  0   1  0  0  0  0  2/5    18:29   0:52   0:00 
Ben Street               0  0  0  -1  0   2  0  1  2  0  3/5     9:39   1:07   0:27 
Benn Ferriero            0  0  0  -2  0   2  3  2  1  4  3/3    22:41   1:07   2:21 
Brett Hextall            0  0  0   0  0   0  0  0  0  0  0/0     0:00   0:00   0:00 
Christian Thomas         0  0  0  -2  0   3  1  0  3  0  1/4    12:30   0:00   0:00 
Farm Player13            0  0  0  -2  2   0  0  1  0  0  0/0    18:13   0:00   0:00 
Farm Player33            0  0  0  -2  0   0  0  1  0  0  0/0    17:55   0:00   0:38 
Farm Player35            0  0  0  -1  2   0  1  0  0  0  0/0    19:53   0:51   1:10 
Farm Player39            0  0  0  -1  0   0  0  0  0  0  0/0    19:34   0:51   1:10 
Gleason Fournier         0  0  0  -5  0   2  1  1  0  0  0/0    23:16   1:08   1:37 
Jordan Szwarz            0  0  0  -1  0   2  1  0  6  0  0/0    18:29   0:52   0:00 
Justin Mercier           0  0  0   0  0   3  0  1  1  0  2/4     7:17   0:00   0:00 
Kevin Westgarth          0  0  0  -3  0   5  2  1  2  0  1/2    17:36   0:00   0:00 
Matthew Corrente         0  0  0  -5  0   0  1  1  1  0  0/0    23:16   1:08   1:37 
Max Friberg              0  0  0  -1  0   3  1  4  4  0  0/0    18:50   0:52   0:21 
Raphael Bussieres        0  0  0  -2  0   1  0  0  1  1  1/1    17:12   0:00   1:21 
Tanner Richard           0  0  0  -3  0   0  0  1  2  0  2/4    14:43   0:00   0:05 

Players Stats for Rampage

Player Name              G  A  P  +/- PIM S  H  SB GA TA FO     MP     PP MP  PK MP  
------------------------------------------------------------------------------------
Adam Almquist            0  1  1   3  0   0  2  1  3  1  0/0    28:10   2:36   1:05 
Andrey Pedan             0  0  0   0  0   0  0  0  0  0  0/0     5:53   0:00   0:00 
Austin Smith             0  0  0   0  0   0  2  0  0  1  0/1     5:31   0:00   0:00 
Calle Jarnkrok           3  0  3   3  0   5  0  0  2  3  0/0    19:00   0:00   1:17 
Charles-Olivier Roussel  0  0  0   4  0   0  1  1  0  1  0/0    25:55   0:11   1:35 
Danny Kristo             0  2  2   3  0   1  2  1  0  0  0/0    19:28   1:14   0:00 
Farm Player14            0  0  0   0  0   0  2  0  0  0  0/1    13:48   0:00   0:24 
Joe Diamond              0  0  0   0  0   0  0  0  0  0  0/0     0:00   0:00   0:00 
Johan Sundstrom          1  3  4   3  0   2  3  1  3  0  4/8    21:07   1:33   0:00 
John Persson             0  0  0   1  0   5  2  1  0  1  0/1    18:48   1:33   0:22 
Kirill Kabanov           0  0  0   0  0   3  3  1  1  0  0/0    16:19   0:00   0:00 
Martin Frk               0  1  1   4  0   2  2  0  0  1  1/1    21:11   1:14   0:42 
Matt Puempel             4  1  5   4  0   6  1  0  2  1  2/5    22:34   1:33   0:42 
Nick Tuzzolino           0  0  0   0  0   1  1  0  0  0  0/0     3:55   0:00   0:00 
Ryan Potulny             0  1  1   3  0   1  0  0  0  1  6/13   21:21   1:14   0:55 
Tim Erixon               0  1  1   3  2   0  1  2  0  0  0/0    27:35   2:36   0:00 
Tim Miller               0  0  0   0  0   0  0  0  1  0  0/0     1:26   0:00   0:00 
Will O'Neill             0  0  0   4  0   1  1  2  0  3  0/0    25:53   0:11   0:54 

3 Stars

1 - Matt Puempel (SAN)
2 - Calle Jarnkrok (SAN)
3 - Johan Sundstrom (SAN)

Power Play

Monsters - 0 on 2 Attempt(s) - 0.00%
Rampage - 1 on 2 Attempt(s) - 50.00%

Penalty Kill

Monsters - 1 on 2 Attempt(s) - 50.00% - Score 0 goal in Penalty Kill
Rampage - 2 on 2 Attempt(s) - 100.00% - Score 0 goal in Penalty Kill

Team Stat

Monsters - Hits : 11 - Faceoff Wins : 17 - Blocked Shots : 14 - Penalty Minutes : 4
Rampage - Hits : 23 - Faceoff Wins : 13 - Blocked Shots : 10 - Penalty Minutes : 2

Official

Referees : Unknown
Linesman : Unknown

Game Notes

18:48 of 1st period - Penalty Shot by Tim Erixon for Rampage - Shot Misses the Net
Ben Street is injured at 13:11 of 2nd period (Sprained Left Ankle)
Farm Player100 enters game at 1:34 of 3rd period
Matt Puempel has scored a Hat Trick!
Calle Jarnkrok has scored a Hat Trick!

Finance

Level 1 -- Attendance: 1604 (80.20%) -- Ticket Income $56,140
Level 2 -- Attendance: 720 (72.00%) -- Ticket Income $10,800
Total Attendance: 2324 (77.47%)
Total Ticket Income: $66,940
Other Income: $32,801
Total Income: $99,741

Monsters

5 vs 5 Forward 
   Center                   Left Wing                Right Wing               Time % Phy DF OF 
 1 Ben Street               Benn Ferriero            Andrej Nestrasil         35     1   2  2  
 2 Andrew Joudrey           Max Friberg              Jordan Szwarz            30     1   2  2  
 3 Tanner Richard           Raphael Bussieres        Kevin Westgarth          22     1   2  2  
 4 Justin Mercier           Benn Ferriero            Christian Thomas         13     1   2  2  

5 vs 5 Defense 
   Defense                  Defense                                           Time % Phy DF OF 
 1 Matthew Corrente         Gleason Fournier                                  35     1   2  2  
 2 Farm Player35            Farm Player39                                     30     1   2  2  
 3 Farm Player33            Farm Player13                                     22     1   2  2  
 4 Matthew Corrente         Gleason Fournier                                  13     1   2  2  

PowerPlay Forward 
   Center                   Left Wing                Right Wing               Time % Phy DF OF 
 1 Ben Street               Benn Ferriero            Andrej Nestrasil         60     1   2  2  
 2 Andrew Joudrey           Max Friberg              Jordan Szwarz            40     1   2  2  

PowerPlay Defense
   Defense                  Defense                                           Time % Phy DF OF 
 1 Matthew Corrente         Gleason Fournier                                  60     1   2  2  
 2 Farm Player35            Farm Player39                                     40     1   2  2  

Penalty Kill 4 Players Forward 
   Center                   Wing                     Time % Phy DF OF 
 1 Benn Ferriero            Ben Street               60     1   2  2  
 2 Andrej Nestrasil         Max Friberg              40     1   2  2  

Penalty Kill 4 Players Defense
   Defense                  Defense                  Time % Phy DF OF 
 1 Matthew Corrente         Gleason Fournier         60     1   2  2  
 2 Farm Player35            Farm Player39            40     1   2  2  

Penalty Kill - 3 Players Forward 
   Forward                                           Time % Phy DF OF 
 1 Benn Ferriero                                     60     1   2  2  
 2 Ben Street                                        40     1   2  2  

Penalty Kill - 3 Players Defense
   Defense                  Defense                  Time % Phy DF OF 
 1 Matthew Corrente         Gleason Fournier         60     1   2  2  
 2 Farm Player35            Farm Player39            40     1   2  2  

4 vs 4 Forward 
   Center                   Wing                     Time % Phy DF OF 
 1 Benn Ferriero            Ben Street               60     1   2  2  
 2 Andrej Nestrasil         Max Friberg              40     1   2  2  

4 vs 4 Defense
   Defense                  Defense                  Time % Phy DF OF 
 1 Matthew Corrente         Gleason Fournier         60     1   2  2  
 2 Farm Player35            Farm Player39            40     1   2  2  

Last Minutes Offensive
   Center                   Left Wing                Right Wing               Defense                  Defense                  
   Ben Street               Benn Ferriero            Andrej Nestrasil         Matthew Corrente         Gleason Fournier         

Last Minutes Defensive
   Center                   Left Wing                Right Wing               Defense                  Defense                  
   Ben Street               Benn Ferriero            Andrej Nestrasil         Matthew Corrente         Gleason Fournier         

Goaltenders
Starting : Farm Player80            
Backup : Farm Player100           

Extra Forwards
Normal : Kevin Westgarth, Christian Thomas, Raphael Bussieres - PP : Kevin Westgarth, Christian Thomas - PK : Raphael Bussieres
Extra Defensemen
Normal : Farm Player33, Farm Player13, Farm Player35 - PP : Farm Player33 - PK : Farm Player13, Farm Player35
Penalty Shots
Benn Ferriero, Ben Street, Andrej Nestrasil, Max Friberg, Jordan Szwarz

Rampage

5 vs 5 Forward 
   Center                   Left Wing                Right Wing               Time % Phy DF OF 
 1 Ryan Potulny             Danny Kristo             Calle Jarnkrok           35     1   2  2  
 2 Johan Sundstrom          Matt Puempel             Martin Frk               30     1   2  2  
 3 Matt Puempel             Johan Sundstrom          Martin Frk               22     1   2  2  
 4 Ryan Potulny             John Persson             Kirill Kabanov           13     1   2  2  

5 vs 5 Defense 
   Defense                  Defense                                           Time % Phy DF OF 
 1 Tim Erixon               Adam Almquist                                     35     1   2  2  
 2 Charles-Olivier Roussel  Will O'Neill                                      30     1   2  2  
 3 Tim Erixon               Adam Almquist                                     22     1   2  2  
 4 Tim Erixon               Adam Almquist                                     13     1   2  2  

PowerPlay Forward 
   Center                   Left Wing                Right Wing               Time % Phy DF OF 
 1 Ryan Potulny             Martin Frk               Danny Kristo             60     1   2  2  
 2 Johan Sundstrom          Matt Puempel             John Persson             40     1   2  2  

PowerPlay Defense
   Defense                  Defense                                           Time % Phy DF OF 
 1 Tim Erixon               Adam Almquist                                     60     1   2  2  
 2 Charles-Olivier Roussel  Will O'Neill                                      40     1   2  2  

Penalty Kill 4 Players Forward 
   Center                   Wing                     Time % Phy DF OF 
 1 Ryan Potulny             Calle Jarnkrok           60     1   2  2  
 2 Matt Puempel             Martin Frk               40     1   2  2  

Penalty Kill 4 Players Defense
   Defense                  Defense                  Time % Phy DF OF 
 1 Tim Erixon               Adam Almquist            60     1   2  2  
 2 Charles-Olivier Roussel  Will O'Neill             40     1   2  2  

Penalty Kill - 3 Players Forward 
   Forward                                           Time % Phy DF OF 
 1 Matt Puempel                                      60     1   2  2  
 2 Ryan Potulny                                      40     1   2  2  

Penalty Kill - 3 Players Defense
   Defense                  Defense                  Time % Phy DF OF 
 1 Tim Erixon               Adam Almquist            60     1   2  2  
 2 Charles-Olivier Roussel  Will O'Neill             40     1   2  2  

4 vs 4 Forward 
   Center                   Wing                     Time % Phy DF OF 
 1 Ryan Potulny             Johan Sundstrom          60     1   2  2  
 2 Matt Puempel             Danny Kristo             40     1   2  2  

4 vs 4 Defense
   Defense                  Defense                  Time % Phy DF OF 
 1 Tim Erixon               Adam Almquist            60     1   2  2  
 2 Charles-Olivier Roussel  Will O'Neill             40     1   2  2  

Last Minutes Offensive
   Center                   Left Wing                Right Wing               Defense                  Defense                  
   Ryan Potulny             Danny Kristo             Calle Jarnkrok           Tim Erixon               Adam Almquist            

Last Minutes Defensive
   Center                   Left Wing                Right Wing               Defense                  Defense                  
   Ryan Potulny             Danny Kristo             Calle Jarnkrok           Tim Erixon               Adam Almquist            

Goaltenders
Starting : Matt Hackett             
Backup : Mike Murphy              

Extra Forwards
Normal : Matt Puempel, Martin Frk, John Persson - PP : Matt Puempel, Martin Frk - PK : John Persson
Extra Defensemen
Normal : Adam Almquist, Tim Erixon, Charles-Olivier Roussel - PP : Adam Almquist - PK : Adam Almquist, Charles-Olivier Roussel
Penalty Shots
Calle Jarnkrok, Ryan Potulny, Matt Puempel, Johan Sundstrom, Martin Frk

% Time on Ice - Monsters

Lines # - Real PCT - Wanted PCT - Time Play
Normal Forward
1 - 29% - 35% - 16:14
2 - 32% - 30% - 17:37
3 - 26% - 22% - 14:06
4 - 13% - 13% - 7:17
Normal Defense
1 - 31% - 35% - 16:55
2 - 32% - 30% - 17:33
3 - 31% - 22% - 17:09
4 - 7% - 13% - 3:37
PP Forward
1 - 56% - 60% - 1:07
2 - 44% - 40% - 0:52
PP Defense
1 - 57% - 60% - 1:08
2 - 43% - 40% - 0:51
PK Forward
1 - 87% - 60% - 2:26
2 - 13% - 40% - 0:21
PK Defense
1 - 58% - 60% - 1:37
2 - 42% - 40% - 1:10
PK3 Forward
1 - 0% - 60%
2 - 0% - 40%
PK3 Defense
1 - 0% - 60%
2 - 0% - 40%
44 Forward
1 - 0% - 60%
2 - 0% - 40%
44 Defense
1 - 0% - 60%
2 - 0% - 40%
Last Minute Offensive  - 0:00
Last Minute Defensive  - 0:00
Total
Forward - 60:00
Defense - 60:00

% Time on Ice - Rampage

Lines # - Real PCT - Wanted PCT - Time Play
Normal Forward
1 - 34% - 35% - 18:45
2 - 24% - 30% - 13:07
3 - 15% - 22% - 8:14
4 - 27% - 13% - 15:08
Normal Defense
1 - 31% - 35% - 17:08
2 - 44% - 30% - 24:20
3 - 17% - 22% - 9:14
4 - 8% - 13% - 4:32
PP Forward
1 - 44% - 60% - 1:14
2 - 56% - 40% - 1:33
PP Defense
1 - 93% - 60% - 2:36
2 - 7% - 40% - 0:11
PK Forward
1 - 65% - 60% - 1:17
2 - 35% - 40% - 0:42
PK Defense
1 - 55% - 60% - 1:05
2 - 45% - 40% - 0:54
PK3 Forward
1 - 0% - 60%
2 - 0% - 40%
PK3 Defense
1 - 0% - 60%
2 - 0% - 40%
44 Forward
1 - 0% - 60%
2 - 0% - 40%
44 Defense
1 - 0% - 60%
2 - 0% - 40%
Last Minute Offensive  - 0:00
Last Minute Defensive  - 0:00
Total
Forward - 60:00
Defense - 60:00

Play by Play

1st period


0:01 of 1st period - Ben Street wins face-off versus Ryan Potulny in neutral zone.
1:42 of 1st period - Minor Penalty to Farm Player35 for Hooking.
1:43 of 1st period - Benn Ferriero wins face-off versus Ryan Potulny in Monsters zone.
1:56 of 1st period - Slapshot by Danny Kristo.
1:56 of 1st period - Stopped by Farm Player80 with a rebound.
2:18 of 1st period - Wrist shot by Matt Puempel.
2:18 of 1st period - Shot Misses the Net.
2:26 of 1st period - Snap shot by Johan Sundstrom.
2:26 of 1st period - Shot Misses the Net.
2:28 of 1st period - Snap shot by Adam Almquist.
2:28 of 1st period - Shot Misses the Net.
2:30 of 1st period - Wrist shot by Matt Puempel.
2:30 of 1st period - Goal by Matt Puempel - Monsters : 0 - Rampage : 1.
2:31 of 1st period - Tanner Richard wins face-off versus Ryan Potulny in neutral zone.
2:56 of 1st period - Wrist shot by Raphael Bussieres.
2:56 of 1st period - Shot Misses the Net.
2:58 of 1st period - Wrist shot by Tanner Richard.
2:58 of 1st period - Shot Misses the Net.
3:07 of 1st period - Minor Penalty to Tim Erixon for Slashing.
3:08 of 1st period - Ryan Potulny wins face-off versus Ben Street in Rampage zone.
3:08 of 1st period - Ryan Potulny is hit by Benn Ferriero.
3:25 of 1st period - Ben Street is hit by Charles-Olivier Roussel and loses puck.
3:36 of 1st period - Backhand shot by Ben Street.
3:36 of 1st period - Stopped by Matt Hackett with a rebound.
3:38 of 1st period - Snap shot by Ben Street.
3:38 of 1st period - Shot Blocked by Will O'Neill.
3:40 of 1st period - Slapshot by Gleason Fournier.
3:40 of 1st period - Stopped by Matt Hackett with a rebound.
4:24 of 1st period - Wrist shot by Jordan Szwarz.
4:24 of 1st period - Stopped by Matt Hackett with a rebound.
4:26 of 1st period - Snap shot by Jordan Szwarz.
4:26 of 1st period - Stopped by Matt Hackett without a rebound.
4:27 of 1st period - Andrej Nestrasil wins face-off versus Matt Puempel in Rampage zone.
5:07 of 1st period - Penalty to Tim Erixon is over, Tim Erixon is back on ice.
5:44 of 1st period - Slapshot by Adam Almquist.
5:44 of 1st period - Shot Blocked by Farm Player33.
5:54 of 1st period - Snap shot by Raphael Bussieres.
5:54 of 1st period - Shot Misses the Net.
6:52 of 1st period - Andrej Nestrasil is hit by Will O'Neill and loses puck.
7:25 of 1st period - Snap shot by Kevin Westgarth.
7:25 of 1st period - Stopped by Matt Hackett with a rebound.
8:29 of 1st period - Farm Player33 is hit by Kirill Kabanov and loses puck.
8:58 of 1st period - Gleason Fournier is hit by Farm Player14 and loses puck.
9:55 of 1st period - Wrist shot by Johan Sundstrom.
9:55 of 1st period - Shot Misses the Net.
10:17 of 1st period - Snap shot by John Persson.
10:17 of 1st period - Deflect By Ben Street.
10:17 of 1st period - Shot Misses the Net.
10:17 of 1st period - Puck is out of play.
10:18 of 1st period - Ben Street wins face-off versus Ryan Potulny in Monsters zone.
10:45 of 1st period - Wrist shot by Calle Jarnkrok.
10:45 of 1st period - Shot Misses the Net.
10:47 of 1st period - Snap shot by Danny Kristo.
10:47 of 1st period - Shot Misses the Net.
10:49 of 1st period - Slapshot by Calle Jarnkrok.
10:49 of 1st period - Shot Blocked by Ben Street.
11:03 of 1st period - Snap shot by Matt Puempel.
11:03 of 1st period - Goal by Matt Puempel - Monsters : 0 - Rampage : 2.
11:04 of 1st period - Justin Mercier wins face-off versus Johan Sundstrom in neutral zone.
11:17 of 1st period - Wrist shot by Christian Thomas.
11:17 of 1st period - Stopped by Matt Hackett with a rebound.
11:19 of 1st period - Backhand shot by Benn Ferriero.
11:19 of 1st period - Deflect By Christian Thomas.
11:19 of 1st period - Shot Blocked by Tim Erixon.
11:19 of 1st period - Puck is out of play.
11:20 of 1st period - Justin Mercier wins face-off versus Johan Sundstrom in Rampage zone.
11:57 of 1st period - Snap shot by Jordan Szwarz.
11:57 of 1st period - Shot Misses the Net.
11:59 of 1st period - Slapshot by Andrew Joudrey.
11:59 of 1st period - Stopped by Matt Hackett with a rebound.
12:01 of 1st period - Slapshot by Gleason Fournier.
12:01 of 1st period - Shot Misses the Net.
12:03 of 1st period - Slapshot by Gleason Fournier.
12:03 of 1st period - Shot Misses the Net.
12:05 of 1st period - Snap shot by Jordan Szwarz.
12:05 of 1st period - Shot Blocked by Kirill Kabanov.
14:03 of 1st period - Slapshot by John Persson.
14:03 of 1st period - Deflect By Farm Player14.
14:03 of 1st period - Shot Blocked by Max Friberg.
14:03 of 1st period - Puck is out of play.
14:04 of 1st period - Tanner Richard wins face-off versus Farm Player14 in Monsters zone.
14:13 of 1st period - Snap shot by Kevin Westgarth.
14:13 of 1st period - Stopped by Matt Hackett with a rebound.
14:41 of 1st period - Jordan Szwarz is hit by Danny Kristo and loses puck.
14:52 of 1st period - Danny Kristo is hit by Jordan Szwarz.
16:51 of 1st period - Snap shot by John Persson.
16:51 of 1st period - Stopped by Farm Player80 with a rebound.
16:53 of 1st period - Slapshot by Nick Tuzzolino.
16:53 of 1st period - Stopped by Farm Player80 with a rebound.
17:09 of 1st period - Wrist shot by Kirill Kabanov.
17:09 of 1st period - Stopped by Farm Player80 with a rebound.
17:17 of 1st period - Snap shot by Danny Kristo.
17:17 of 1st period - Shot Blocked by Matthew Corrente.
17:19 of 1st period - Snap shot by Danny Kristo.
17:19 of 1st period - Shot Blocked by Gleason Fournier.
17:34 of 1st period - Andrew Joudrey is hit by Austin Smith and loses puck.
18:26 of 1st period - Kevin Westgarth is hit by Nick Tuzzolino and loses puck.
18:48 of 1st period - Penalty Shot by Tim Erixon for Rampage.
18:48 of 1st period - Backhand shot by Tim Erixon.
18:48 of 1st period - Shot Misses the Net.
18:49 of 1st period - Ben Street wins face-off versus Johan Sundstrom in Rampage zone.
18:54 of 1st period - Wrist shot by Andrej Nestrasil.
18:54 of 1st period - Stopped by Matt Hackett with a rebound.
19:02 of 1st period - Wrist shot by Ben Street.
19:02 of 1st period - Shot Misses the Net.
19:04 of 1st period - Slapshot by Ben Street.
19:04 of 1st period - Shot Misses the Net.
19:06 of 1st period - Slapshot by Andrej Nestrasil.
19:06 of 1st period - Deflect By Matt Puempel.
19:06 of 1st period - Stopped by Matt Hackett with a rebound.
19:54 of 1st period - Christian Thomas is hit by Kirill Kabanov and loses puck.
Goals for this period are 0 for Monsters vs 2 for Rampage.
Shots for this period are 10 for Monsters vs 6 for Rampage.

2nd period


0:01 of 2nd period - Andrej Nestrasil wins face-off versus Matt Puempel in neutral zone.
0:10 of 2nd period - Slapshot by Ben Street.
0:10 of 2nd period - Shot Misses the Net.
2:23 of 2nd period - Charles-Olivier Roussel is hit by Benn Ferriero and loses puck.
2:32 of 2nd period - Snap shot by Christian Thomas.
2:32 of 2nd period - Shot Blocked by Johan Sundstrom.
2:46 of 2nd period - Jordan Szwarz is hit by Martin Frk and loses puck.
3:11 of 2nd period - Snap shot by Ben Street.
3:11 of 2nd period - Shot Blocked by Charles-Olivier Roussel.
3:13 of 2nd period - Wrist shot by Andrej Nestrasil.
3:13 of 2nd period - Deflect By Ben Street.
3:13 of 2nd period - Stopped by Matt Hackett with a rebound.
3:15 of 2nd period - Slapshot by Gleason Fournier.
3:15 of 2nd period - Shot Blocked by Will O'Neill.
4:06 of 2nd period - Danny Kristo is hit by Max Friberg and loses puck.
5:14 of 2nd period - Snap shot by Kirill Kabanov.
5:14 of 2nd period - Stopped by Farm Player80 with a rebound.
5:16 of 2nd period - Slapshot by Charles-Olivier Roussel.
5:16 of 2nd period - Shot Hit the Post.
5:18 of 2nd period - Wrist shot by John Persson.
5:18 of 2nd period - Shot Blocked by Benn Ferriero.
5:20 of 2nd period - Snap shot by Will O'Neill.
5:20 of 2nd period - Stopped by Farm Player80 with a rebound.
5:22 of 2nd period - Wrist shot by John Persson.
5:22 of 2nd period - Stopped by Farm Player80 without a rebound.
5:23 of 2nd period - Andrew Joudrey wins face-off versus Ryan Potulny in Monsters zone.
5:51 of 2nd period - Martin Frk is hit by Kevin Westgarth and loses puck.
6:25 of 2nd period - Ben Street is hit by Farm Player14 and loses puck.
6:47 of 2nd period - Slapshot by Max Friberg.
6:47 of 2nd period - Stopped by Matt Hackett with a rebound.
7:10 of 2nd period - Slapshot by Justin Mercier.
7:10 of 2nd period - Stopped by Matt Hackett with a rebound.
7:12 of 2nd period - Wrist shot by Raphael Bussieres.
7:12 of 2nd period - Shot Misses the Net.
7:14 of 2nd period - Slapshot by Raphael Bussieres.
7:14 of 2nd period - Shot Misses the Net.
7:16 of 2nd period - Slapshot by Christian Thomas.
7:16 of 2nd period - Shot Blocked by Tim Erixon.
7:18 of 2nd period - Snap shot by Gleason Fournier.
7:18 of 2nd period - Shot Blocked by Danny Kristo.
7:20 of 2nd period - Snap shot by Matthew Corrente.
7:20 of 2nd period - Shot Misses the Net.
8:02 of 2nd period - Jordan Szwarz is hit by Austin Smith and loses puck.
9:39 of 2nd period - Icing by Kevin Westgarth.
9:40 of 2nd period - Matt Puempel wins face-off versus Tanner Richard in Monsters zone.
9:44 of 2nd period - Slapshot by Will O'Neill.
9:44 of 2nd period - Deflect By Matt Puempel.
9:44 of 2nd period - Stopped by Farm Player80 without a rebound.
9:45 of 2nd period - Matt Puempel wins face-off versus Tanner Richard in Monsters zone.
9:56 of 2nd period - Snap shot by Calle Jarnkrok.
9:56 of 2nd period - Goal by Calle Jarnkrok - Monsters : 0 - Rampage : 3.
9:57 of 2nd period - Johan Sundstrom wins face-off versus Ben Street in neutral zone.
11:37 of 2nd period - Icing by Farm Player39.
11:38 of 2nd period - Johan Sundstrom wins face-off versus Justin Mercier in Monsters zone.
11:41 of 2nd period - Snap shot by Johan Sundstrom.
11:41 of 2nd period - Shot Blocked by Justin Mercier.
12:07 of 2nd period - Snap shot by Max Friberg.
12:07 of 2nd period - Stopped by Matt Hackett with a rebound.
12:09 of 2nd period - Wrist shot by Max Friberg.
12:09 of 2nd period - Stopped by Matt Hackett with a rebound.
12:11 of 2nd period - Slapshot by Farm Player33.
12:11 of 2nd period - Shot Misses the Net.
12:27 of 2nd period - Snap shot by Kevin Westgarth.
12:27 of 2nd period - Stopped by Matt Hackett with a rebound.
12:29 of 2nd period - Backhand shot by Raphael Bussieres.
12:29 of 2nd period - Stopped by Matt Hackett with a rebound.
12:31 of 2nd period - Slapshot by Raphael Bussieres.
12:31 of 2nd period - Shot Misses the Net.
12:33 of 2nd period - Wrist shot by Kevin Westgarth.
12:33 of 2nd period - Stopped by Matt Hackett with a rebound.
12:35 of 2nd period - Snap shot by Kevin Westgarth.
12:35 of 2nd period - Shot Misses the Net.
12:49 of 2nd period - Benn Ferriero is hit by Martin Frk and loses puck.
13:02 of 2nd period - Snap shot by Ben Street.
13:02 of 2nd period - Shot Blocked by Adam Almquist.
13:10 of 2nd period - Ben Street is hit by Adam Almquist and loses puck.
13:11 of 2nd period - Ben Street from Monsters is injured at 13:11 of 2nd period (Sprained Left Ankle).
13:12 of 2nd period - Kevin Westgarth wins face-off versus Matt Puempel in Monsters zone.
13:25 of 2nd period - Slapshot by Martin Frk.
13:25 of 2nd period - Stopped by Farm Player80 with a rebound.
13:27 of 2nd period - Snap shot by Tim Erixon.
13:27 of 2nd period - Shot Hit the Post.
13:29 of 2nd period - Snap shot by Martin Frk.
13:29 of 2nd period - Stopped by Farm Player80 with a rebound.
13:31 of 2nd period - Snap shot by Adam Almquist.
13:31 of 2nd period - Shot Blocked by Benn Ferriero.
13:33 of 2nd period - Snap shot by Johan Sundstrom.
13:33 of 2nd period - Stopped by Farm Player80 with a rebound.
15:10 of 2nd period - Snap shot by Kevin Westgarth.
15:10 of 2nd period - Deflect By Ryan Potulny.
15:10 of 2nd period - Shot Misses the Net.
15:10 of 2nd period - Puck is out of play.
15:11 of 2nd period - Martin Frk wins face-off versus Christian Thomas in Rampage zone.
16:04 of 2nd period - Wrist shot by Kevin Westgarth.
16:04 of 2nd period - Stopped by Matt Hackett with a rebound.
16:06 of 2nd period - Slapshot by Tanner Richard.
16:06 of 2nd period - Shot Misses the Net.
16:08 of 2nd period - Backhand shot by Gleason Fournier.
16:08 of 2nd period - Deflect By Adam Almquist.
16:08 of 2nd period - Stopped by Matt Hackett with a rebound.
17:01 of 2nd period - Max Friberg is hit by John Persson and loses puck.
17:25 of 2nd period - Snap shot by Johan Sundstrom.
17:25 of 2nd period - Shot Misses the Net.
17:27 of 2nd period - Wrist shot by Johan Sundstrom.
17:27 of 2nd period - Shot Blocked by Max Friberg.
17:29 of 2nd period - Wrist shot by Johan Sundstrom.
17:29 of 2nd period - Shot Blocked by Max Friberg.
17:31 of 2nd period - Snap shot by Johan Sundstrom.
17:31 of 2nd period - Deflect By Matt Puempel.
17:31 of 2nd period - Shot Misses the Net.
17:31 of 2nd period - Puck is out of play.
17:32 of 2nd period - Christian Thomas wins face-off versus Johan Sundstrom in Monsters zone.
17:32 of 2nd period - Christian Thomas is hit by Johan Sundstrom.
17:42 of 2nd period - Snap shot by Benn Ferriero.
17:42 of 2nd period - Stopped by Matt Hackett without a rebound.
17:43 of 2nd period - Ryan Potulny wins face-off versus Christian Thomas in Rampage zone.
17:43 of 2nd period - Ryan Potulny is hit by Christian Thomas.
19:27 of 2nd period - Minor Penalty to Farm Player13 for Hooking.
19:28 of 2nd period - Benn Ferriero wins face-off versus John Persson in Monsters zone.
19:37 of 2nd period - Raphael Bussieres is hit by Adam Almquist and loses puck.
Goals for this period are 0 for Monsters vs 1 for Rampage.
Shots for this period are 11 for Monsters vs 8 for Rampage.

3rd period


0:01 of 3rd period - Benn Ferriero wins face-off versus Ryan Potulny in neutral zone.
0:14 of 3rd period - Snap shot by Danny Kristo.
0:14 of 3rd period - Shot Misses the Net.
0:16 of 3rd period - Wrist shot by Ryan Potulny.
0:16 of 3rd period - Shot Misses the Net.
0:18 of 3rd period - Wrist shot by Ryan Potulny.
0:18 of 3rd period - Stopped by Farm Player80 with a rebound.
0:32 of 3rd period - Danny Kristo is hit by Gleason Fournier and loses puck.
0:55 of 3rd period - Farm Player39 is hit by John Persson and loses puck.
1:18 of 3rd period - Snap shot by Benn Ferriero.
1:18 of 3rd period - Stopped by Matt Hackett with a rebound.
1:27 of 3rd period - Penalty to Farm Player13 is over, Farm Player13 is back on ice.
1:34 of 3rd period - Snap shot by Calle Jarnkrok.
1:34 of 3rd period - Deflect By Tanner Richard.
1:34 of 3rd period - Goal by Calle Jarnkrok - Monsters : 0 - Rampage : 4.
1:34 of 3rd period - Farm Player100 enters game.
1:35 of 3rd period - Ryan Potulny wins face-off versus Andrew Joudrey in neutral zone.
1:42 of 3rd period - Slapshot by Danny Kristo.
1:42 of 3rd period - Shot Misses the Net.
2:18 of 3rd period - Calle Jarnkrok is hit by Matthew Corrente and loses puck.
2:55 of 3rd period - Adam Almquist is hit by Farm Player35 and loses puck.
3:20 of 3rd period - Snap shot by John Persson.
3:20 of 3rd period - Stopped by Farm Player100 with a rebound.
4:13 of 3rd period - Wrist shot by Kirill Kabanov.
4:13 of 3rd period - Shot Blocked by Farm Player13.
4:51 of 3rd period - Andrej Nestrasil is hit by Johan Sundstrom and loses puck.
4:58 of 3rd period - Snap shot by Matt Puempel.
4:58 of 3rd period - Goal by Matt Puempel - Monsters : 0 - Rampage : 5.
4:59 of 3rd period - Ryan Potulny wins face-off versus Kevin Westgarth in neutral zone.
5:04 of 3rd period - John Persson is hit by Kevin Westgarth and loses puck.
5:09 of 3rd period - Snap shot by Andrej Nestrasil.
5:09 of 3rd period - Stopped by Matt Hackett with a rebound.
5:11 of 3rd period - Snap shot by Andrej Nestrasil.
5:11 of 3rd period - Shot Misses the Net.
5:42 of 3rd period - Snap shot by Matt Puempel.
5:42 of 3rd period - Goal by Matt Puempel - Monsters : 0 - Rampage : 6.
5:43 of 3rd period - Johan Sundstrom wins face-off versus Andrew Joudrey in neutral zone.
6:14 of 3rd period - Max Friberg is hit by Danny Kristo and loses puck.
6:20 of 3rd period - Icing by Andrew Joudrey.
6:21 of 3rd period - Ryan Potulny wins face-off versus Andrew Joudrey in Monsters zone.
6:52 of 3rd period - Adam Almquist is hit by Benn Ferriero and loses puck.
7:28 of 3rd period - Snap shot by Benn Ferriero.
7:28 of 3rd period - Shot Misses the Net.
7:30 of 3rd period - Slapshot by Farm Player13.
7:30 of 3rd period - Shot Misses the Net.
7:32 of 3rd period - Wrist shot by Justin Mercier.
7:32 of 3rd period - Stopped by Matt Hackett with a rebound.
7:34 of 3rd period - Snap shot by Benn Ferriero.
7:34 of 3rd period - Shot Blocked by John Persson.
7:36 of 3rd period - Wrist shot by Justin Mercier.
7:36 of 3rd period - Stopped by Matt Hackett with a rebound.
8:21 of 3rd period - Wrist shot by Johan Sundstrom.
8:21 of 3rd period - Shot Misses the Net.
8:23 of 3rd period - Snap shot by Johan Sundstrom.
8:23 of 3rd period - Goal by Johan Sundstrom - Monsters : 0 - Rampage : 7.
8:24 of 3rd period - Johan Sundstrom wins face-off versus Christian Thomas in neutral zone.
8:39 of 3rd period - Snap shot by Johan Sundstrom.
8:39 of 3rd period - Shot Misses the Net.
12:04 of 3rd period - Matthew Corrente is hit by Tim Erixon.
12:24 of 3rd period - Snap shot by Calle Jarnkrok.
12:24 of 3rd period - Goal by Calle Jarnkrok - Monsters : 0 - Rampage : 8.
12:25 of 3rd period - Andrew Joudrey wins face-off versus Ryan Potulny in neutral zone.
12:57 of 3rd period - Raphael Bussieres is hit by Johan Sundstrom.
13:27 of 3rd period - Snap shot by Calle Jarnkrok.
13:27 of 3rd period - Stopped by Farm Player100 with a rebound.
13:29 of 3rd period - Slapshot by Adam Almquist.
13:29 of 3rd period - Shot Blocked by Kevin Westgarth.
13:39 of 3rd period - Slapshot by Adam Almquist.
13:39 of 3rd period - Shot Blocked by Tanner Richard.
13:41 of 3rd period - Slapshot by Kirill Kabanov.
13:41 of 3rd period - Stopped by Farm Player100 with a rebound.
13:43 of 3rd period - Snap shot by John Persson.
13:43 of 3rd period - Stopped by Farm Player100 with a rebound.
13:45 of 3rd period - Slapshot by Kirill Kabanov.
13:45 of 3rd period - Shot Misses the Net.
15:09 of 3rd period - Max Friberg is hit by Kirill Kabanov and loses puck.
15:53 of 3rd period - Gleason Fournier is hit by Matt Puempel and loses puck.
16:16 of 3rd period - Snap shot by John Persson.
16:16 of 3rd period - Stopped by Farm Player100 without a rebound.
16:17 of 3rd period - Ryan Potulny wins face-off versus Justin Mercier in Monsters zone.
16:18 of 3rd period - Snap shot by Kirill Kabanov.
16:18 of 3rd period - Shot Misses the Net.
16:40 of 3rd period - Slapshot by Johan Sundstrom.
16:40 of 3rd period - Deflect By Matt Puempel.
16:40 of 3rd period - Stopped by Farm Player100 with a rebound.
16:58 of 3rd period - Off-side.
16:59 of 3rd period - Raphael Bussieres wins face-off versus Austin Smith in neutral zone.
18:45 of 3rd period - Snap shot by Kirill Kabanov.
18:45 of 3rd period - Shot Blocked by Max Friberg.
19:03 of 3rd period - Slapshot by Kevin Westgarth.
19:03 of 3rd period - Shot Misses the Net.
19:26 of 3rd period - Wrist shot by Calle Jarnkrok.
19:26 of 3rd period - Shot Misses the Net.
19:36 of 3rd period - Wrist shot by Calle Jarnkrok.
19:36 of 3rd period - Stopped by Farm Player100 with a rebound.
19:50 of 3rd period - Wrist shot by Benn Ferriero.
19:50 of 3rd period - Deflect By Christian Thomas.
19:50 of 3rd period - Stopped by Matt Hackett with a rebound.
19:52 of 3rd period - Snap shot by Christian Thomas.
19:52 of 3rd period - Stopped by Matt Hackett with a rebound.
Goals for this period are 0 for Monsters vs 5 for Rampage.
Shots for this period are 6 for Monsters vs 13 for Rampage.


Output by the SimonT Hockey Simulator (STHS) for Eric Dolegowski -- Original Page W3C XHTML 1.0 Valid
Hockey Simulator - Hockey Simulation - Hockey Manager